 Dungeon Crawl Stone Soup version 0.24.0-125-gc4c63601f3 (webtiles) character file.

Game seed: 13577890505267564469, levelgen mode: deterministic

244 Martska the Ogre Mage (level 6, -9/61 HPs)
             Began as an Ogre Warper on Feb 25, 2020.
             Mangled by an iguana (14 damage)
             ... on level 4 of the Dungeon.
             The game lasted 00:11:35 (3587 turns).

Martska the Ogre Mage (Ogre Warper)                 Turns: 3587, Time: 00:11:36

Health: -9/61      AC:  3    Str: 16    XL:     6   Next: 10%
Magic:  3/11       EV: 10    Int: 16    God:
Gold:   98         SH:  0    Dex:  8    Spells: 7/12 levels left

rFire    . . .     SeeInvis .   o - +1 mace (protect)
rCold    . . .     Gourm    .   (no shield)
rNeg     . . .     Faith    .   b - +0 robe
rPois    +         Spirit   .   (helmet restricted)
rElec    .         Reflect  .   (no cloak)
rCorr    .         Harm     .   (gloves unavailable)
MR       .....                  (boots unavailable)
Stlth    +.........             i - amulet of the acrobat
HPRegen  0.20/turn              h - ring of poison resistance
MPRegen  0.12/turn              (no ring)

@: no status effects
A: large, unfitting armour, tough skin 1
a: no special abilities


You were on level 4 of the Dungeon.
You were not hungry.

You visited 1 branch of the dungeon, and saw 4 of its levels.

You collected 98 gold pieces.

Inventory:

Hand Weapons
 a - a +0 mace
 n - a -2 mace
 o - a +1 mace of protection (weapon)
Missiles
 c - 55 stones
 e - 5 boomerangs of dispersal (quivered)
 k - 3 large rocks
 l - 5 javelins
Armour
 b - a +0 robe (worn)
Jewellery
 h - a ring of poison resistance (left hand)
 i - an amulet of the acrobat (around neck)
Wands
 u - a wand of acid (11)
Scrolls
 d - a scroll of blinking
 g - a scroll of fear {unknown}
 j - 2 scrolls of identify
 p - 2 scrolls of teleportation
 r - a scroll of random uselessness {unknown}
 s - a scroll of enchant weapon {unknown}
 t - a scroll of remove curse
 w - 2 scrolls of immolation {unknown}
Potions
 m - 2 potions of curing
 q - a potion of haste {unknown}
 v - a potion of lignification {unknown}
 x - a potion of invisibility {unknown}
 z - 2 potions of ambrosia {unknown}
Comestibles
 f - 3 rations


   Skills:
 + Level 3.5 Fighting
 * Level 3.0 Maces & Flails
 * Level 2.9 Throwing
 + Level 1.2 Armour
 - Level 2.1 Dodging
 * Level 3.9 Spellcasting
 + Level 3.2 Translocations


You had 7 spell levels left.
You knew the following spells:

 Your Spells              Type           Power        Failure   Level  Hunger
a - Shroud of Golubria    Chrm/Tloc      #.....       13%         2    ##.....
b - Teleport Other        Tloc           ##......     14%         3    ###....

Your spell library contained the following spells:

 Spells                   Type           Power        Failure   Level  Hunger
 Blink                    Tloc           N/A          7%          2    ##.....
 Gell's Gravitas          Tloc           ##........   14%         3    ###....
 Lesser Beckoning         Tloc           ##........   14%         3    ###....
 Passage of Golubria      Tloc           N/A          41%         4    ####...


Dungeon Overview and Level Annotations

Branches:
Dungeon (4/15)
 Temple: D:4-7

Altars:
Nemelex Xobeh

Annotations:
D:2 1 runed translucent door, Crazy Yiuf


Innate Abilities, Weirdness & Mutations

You are too large for most types of armour.
You have tough skin. (AC +1)


Message History

Space distorts slightly along a thin shroud covering your body.
The iguana bites you but does no damage.
The phantom completely misses you.
Casting: Shroud of Golubria (safe; 13% risk of failure)
Confirm with . or Enter, or press ? or * to list all spells.
Aiming: Teleport Other (safe; 14% risk of failure)
Press: ? - help, Shift-Dir - straight line, f - phantom
Aim: a phantom (chance to defeat MR: 32%)
The phantom easily resists.
The iguana bites you but does no damage.
The phantom hits you!
* * * LOW HITPOINT WARNING * * *
Your shroud falls apart!
Casting: Teleport Other (safe; 14% risk of failure)
Confirm with . or Enter, or press ? or * to list all spells.
Aiming: Teleport Other (safe; 14% risk of failure)
Press: ? - help, Shift-Dir - straight line, f - iguana, p - phantom
Aim: an iguana (severely wounded, chance to defeat MR: 58%)
The iguana looks slightly unstable.
The iguana bites you!
You die...

#.......# #.......#
#.......# #.......#
#......(# #.......#
#.......# #..Wl...#
#...@...# #.......#
#.......#
#.......##########
#.................
#######+####..........
#...# #..........
#...# #..........
#...# #..........


You could see a phantom and an iguana.

Vanquished Creatures
  A scorpion (D:1)
  An orc priest (D:3)
  2 orc wizards (D:3)
  5 adders
  A dart slug (D:1)
  3 leopard geckos
  10 orcs (D:3)
  4 bats
  A giant cockroach (D:2)
  8 goblins
  6 hobgoblins
  3 frilled lizards
  5 kobolds
  4 rats
54 creatures vanquished.

Notes
Turn   | Place    | Note
-------+----------+-------------------------------------------
     0 | D:1      | Martska the Ogre Warper began the quest for the Orb.
     0 | D:1      | Reached XP level 1. HP: 22/22 MP: 3/3
   309 | D:1      | Reached XP level 2. HP: 24/29 MP: 5/5
   898 | D:1      | Learned a level 2 spell: Shroud of Golubria
  1179 | D:2      | Noticed a scorpion
  1211 | D:1      | Killed a scorpion
  1211 | D:1      | Reached XP level 3. HP: 18/37 MP: 5/7
  1211 | D:1      | Reached XP level 4. HP: 22/45 MP: 5/8
  1446 | D:2      | Found a runed translucent door.
  1448 | D:2      | Noticed Crazy Yiuf
  2115 | D:3      | Reached skill level 1 in Armour
  2115 | D:3      | Reached XP level 5. HP: 43/53 MP: 8/10
  2389 | D:3      | Found a sparkling altar of Nemelex Xobeh.
  2830 | D:3      | Reached XP level 6. HP: 51/61 MP: 11/11
  2863 | D:3      | Learned a level 3 spell: Teleport Other
  3166 | D:4      | Noticed a phantom
  3587 | D:4      | Mangled by an iguana

Levels and vault maps discovered:
D:1:      ncdulo_wetmaze, layout_basic, serial_forest,
          infiniplex_forest_corner_1, infiniplex_forest_lined_2,
          infiniplex_forest_straight_2, infiniplex_forest_diagonal
D:2:      layout_rooms, grunt_decor_resistance, uniq_crazy_yiuf_cottage
D:3:      layout_loops_ring, first_ration, nemelex_xobeh_ov_fountains_minmay
D:4:      layout_gridville, nicolae_ossuary_entry_false_entrances,
          patterned_corridor, uniq_eustachio

Skill      XL: |  1  2  3  4  5  6 |
---------------+-------------------+-----
Maces & Flails | 2 3 |  3.0
Fighting       | 3 |  3.5
Throwing       | 2 |  2.9
Spellcasting   | 3 |  3.9
Translocations | 3 |  3.2
Armour         | 1 |  1.2
Dodging        | |  2.1

Action                   |  1- 3 |  4- 6 || total
-------------------------+-------+-------++-------
Melee: Mace              |    60 |   167 ||   227
 Cast: Teleport Other    |       |     2 ||     2
       Shroud of Golubri |       |     1 ||     1
  Use: Potion            |     1 |       ||     1
       Scroll            |       |     3 ||     3
 Stab: Sleeping          |       |     1 ||     1
  Eat: Ration            |       |     3 ||     3
Armor: Robe              |    20 |    61 ||    81
Dodge: Dodged            |    39 |   119 ||   158
